Inferno vs Wolfpack
(R1)
Created - April 8, 2021 at 19:24
Goals
|
| Inferno |
1 |
2 |
1 |
4 |
| Wolfpack |
1 |
1 |
0 |
2 |
|
Shots
|
| Inferno |
16 |
20 |
4 |
40 |
| Wolfpack |
15 |
7 |
11 |
33 |
|
1st period
1. Wolfpack , Artem Anisimov 44 (Richard Panik 68) at 7:44 (PP)
2. Inferno , Kevin Labanc 27 (David Savard 36) at 11:21
Penalties :
Jacob Middleton (Wol) for Interference (Minor) at 1:12, David Savard (Anc) for Hooking (Minor) at 7:37, Jacob Middleton (Wol) for Roughing (Minor) at 16:49
2nd period
3. Wolfpack , Artem Anisimov 45 (Richard Panik 69) at 7:01
4. Inferno , Kevin Labanc 28 (Esa Lindell 57, Tanner Pearson 55) at 11:40 (PP)
5. Inferno , Victor Rask 23 (Matthew Nieto 27, Evgeny Svechnikov 19) at 15:43
Penalties :
Colton White (Wol) for Cross-checking (Minor) at 2:14, Joshua Jacobs (Wol) for Holding (Minor) at 9:55, Samuel Blais (Wol) for Hooking (Minor) at 18:29
3rd period
6. Inferno , Tanner Pearson 58 (Petteri Lindbohm 3) at 4:39
Penalties :
Stefan Noesen (Wol) for Holding (Minor) at 4:56, Greg Pateryn (Anc) for Hooking (Minor) at 14:54
Goalie Stats
Antti Raanta (Anc), 31 saves from 33 shots - (0.939), W, 10-8-2, 60:00 minutes
Samuel Montembeault (Wol), 36 saves from 40 shots - (0.900), L, 21-14-2, 60:00 minutes
Players Stats for Inferno
Player Name G A P +/- PIM S H SB GA TA FO MP PP MP PK MP
------------------------------------------------------------------------------------
Bryan Rust 0 0 0 1 0 2 0 0 0 0 0/2 16:07 0:00 1:05
Chris Brown 0 0 0 0 0 1 0 0 0 0 3/3 10:02 0:03 0:34
David Savard 0 1 1 1 2 2 0 1 0 1 0/0 25:46 7:06 1:02
Esa Lindell 0 1 1 1 0 2 2 1 1 2 0/0 25:54 7:06 1:09
Evgeny Svechnikov 0 1 1 1 0 2 0 0 0 0 2/3 18:13 5:00 0:00
Frank Corrado 0 0 0 1 0 0 0 0 0 0 0/0 11:54 0:00 0:07
Greg Pateryn 0 0 0 0 2 3 1 0 0 0 0/0 21:31 4:34 0:00
Jake DeBrusk 0 0 0 0 0 2 1 0 0 0 0/0 9:33 0:15 0:35
Kevin Labanc 2 0 2 0 0 3 2 1 2 1 0/1 15:23 6:37 0:00
Mathieu Brodeur 0 0 0 0 0 1 3 0 0 1 0/0 22:19 4:34 0:57
Matthew Nieto 0 1 1 1 0 6 0 0 0 0 0/1 18:28 5:00 0:26
Peter Cehlarik 0 0 0 0 0 0 0 0 0 0 0/0 9:13 0:00 0:00
Petteri Lindbohm 0 1 1 1 0 0 0 0 0 0 0/0 12:35 0:00 0:57
Philip Varone 0 0 0 1 0 3 1 0 1 0 21/37 22:48 6:37 1:06
Ryan Spooner 0 0 0 0 0 1 0 1 0 0 1/5 9:08 0:00 0:26
Tanner Pearson 1 1 2 1 0 5 1 1 3 1 0/1 21:40 6:25 0:00
Tyler Shattock 0 0 0 0 0 3 1 0 0 0 0/1 9:16 0:03 0:00
Victor Rask 1 0 1 1 0 4 3 0 0 0 6/8 18:02 5:00 0:00
Players Stats for Wolfpack
Player Name G A P +/- PIM S H SB GA TA FO MP PP MP PK MP
------------------------------------------------------------------------------------
Adam Lowry 0 0 0 0 0 0 0 0 1 0 0/1 7:34 0:00 0:00
Artem Anisimov 2 0 2 -1 0 5 3 2 2 1 11/22 23:11 1:09 6:57
Colton White 0 0 0 0 2 0 2 3 0 0 0/0 20:08 0:45 3:46
Connor Chatam 0 0 0 0 0 1 0 0 0 0 0/0 7:34 0:00 0:00
Dave Dziurzynski 0 0 0 -1 0 3 1 2 0 1 2/7 20:12 1:05 3:46
David Pope 0 0 0 -1 0 0 0 0 0 1 0/0 12:49 0:34 0:00
Dryden Hunt 0 0 0 0 0 1 0 0 0 0 0/0 2:03 0:26 1:00
Jacob Middleton 0 0 0 -1 4 0 0 2 0 1 0/0 15:16 0:00 1:16
Jake Marchment 0 0 0 0 0 0 0 0 0 0 0/0 0:52 0:26 0:00
Joel Kiviranta 0 0 0 0 0 0 0 0 0 0 0/0 1:47 0:00 1:28
Joshua Jacobs 0 0 0 0 2 0 2 2 0 0 0/0 19:58 0:45 3:38
Keegan Kolesar 0 0 0 0 0 0 0 0 0 0 0/0 0:07 0:07 0:00
Kevin Roy 0 0 0 0 0 3 2 0 0 0 1/2 10:41 0:00 0:00
Mikhail Vorobyev 0 0 0 0 0 0 0 0 0 0 0/0 0:00 0:00 0:00
Phillip Danault 0 0 0 0 0 1 0 1 0 0 0/0 10:41 0:00 0:00
Richard Panik 0 2 2 -1 0 5 2 1 1 1 10/18 23:12 1:09 6:58
Ryan Culkin 0 0 0 -1 0 2 1 0 1 0 0/0 25:20 1:21 7:20
Samuel Blais 0 0 0 0 2 1 0 0 0 0 0/1 7:34 0:00 0:00
Sebastian Collberg 0 0 0 0 0 3 1 1 0 0 0/0 10:41 0:00 0:00
Seth Griffith 0 0 0 -1 0 1 1 0 0 0 4/10 13:05 0:41 0:08
Stefan Noesen 0 0 0 -1 2 4 2 0 0 0 1/1 16:10 0:41 3:03
Steven Santini 0 0 0 -1 0 3 3 0 1 1 0/0 25:20 1:21 7:20
Will Borgen 0 0 0 -1 0 0 0 1 0 1 0/0 13:59 0:00 0:00
3 Stars
1 - Kevin Labanc (Anc)
2 - Tanner Pearson (Anc)
3 - Artem Anisimov (Wol)
Power Play
Inferno - 1 on 6 Attempt(s) - 16.67%
Wolfpack - 1 on 2 Attempt(s) - 50.00%
Penalty Kill
Inferno - 1 on 2 Attempt(s) - 50.00%
- Score 0 goal in Penalty Kill
Wolfpack - 5 on 6 Attempt(s) - 83.33%
- Score 0 goal in Penalty Kill
Team Stat
Inferno - Hits : 15 - Faceoff Wins : 33 - Blocked Shots : 5 - Penalty Minutes : 4
Wolfpack - Hits : 20 - Faceoff Wins : 29 - Blocked Shots : 15 - Penalty Minutes : 12
Official
Referees : Unknown
Linesman : Unknown
Game Notes
No Game Note
Finance
Level 1 -- Attendance: 1437 (71.85%) -- Ticket Income $57,480
Level 2 -- Attendance: 634 (63.40%) -- Ticket Income $12,680
Total Attendance: 2071 (69.03%)
Total Ticket Income: $70,160
Other Income: $3,508
Total Income: $73,668
Inferno
5 vs 5 Forward
Center Left Wing Right Wing Time % Phy DF OF
1 Philip Varone Tanner Pearson Bryan Rust 40 1 2 2
2 Victor Rask Matthew Nieto Evgeny Svechnikov 30 1 2 2
3 Ryan Spooner Jake DeBrusk Kevin Labanc 20 1 2 2
4 Chris Brown Peter Cehlarik Tyler Shattock 10 1 2 2
5 vs 5 Defense
Defense Defense Time % Phy DF OF
1 David Savard Esa Lindell 40 1 2 2
2 Greg Pateryn Mathieu Brodeur 30 1 2 2
3 Petteri Lindbohm Frank Corrado 20 1 2 2
4 Greg Pateryn Mathieu Brodeur 10 1 2 2
PowerPlay Forward
Center Left Wing Right Wing Time % Phy DF OF
1 Philip Varone Tanner Pearson Kevin Labanc 60 1 2 2
2 Victor Rask Matthew Nieto Evgeny Svechnikov 40 1 2 2
PowerPlay Defense
Defense Defense Time % Phy DF OF
1 David Savard Esa Lindell 60 1 2 2
2 Greg Pateryn Mathieu Brodeur 40 1 2 2
Penalty Kill 4 Players Forward
Center Wing Time % Phy DF OF
1 Philip Varone Bryan Rust 60 1 2 2
2 Ryan Spooner Matthew Nieto 40 1 2 2
Penalty Kill 4 Players Defense
Defense Defense Time % Phy DF OF
1 David Savard Esa Lindell 60 1 2 2
2 Petteri Lindbohm Mathieu Brodeur 40 1 2 2
Penalty Kill - 3 Players Forward
Forward Time % Phy DF OF
1 Bryan Rust 60 1 2 2
2 Philip Varone 40 1 2 2
Penalty Kill - 3 Players Defense
Defense Defense Time % Phy DF OF
1 David Savard Esa Lindell 60 1 2 2
2 Petteri Lindbohm Mathieu Brodeur 40 1 2 2
4 vs 4 Forward
Center Wing Time % Phy DF OF
1 Philip Varone Tanner Pearson 60 1 2 2
2 Victor Rask Bryan Rust 40 1 2 2
4 vs 4 Defense
Defense Defense Time % Phy DF OF
1 David Savard Esa Lindell 60 1 2 2
2 Greg Pateryn Mathieu Brodeur 40 1 2 2
Last Minutes Offensive
Center Left Wing Right Wing Defense Defense
Philip Varone Tanner Pearson Bryan Rust David Savard Esa Lindell
Last Minutes Defensive
Center Left Wing Right Wing Defense Defense
Philip Varone Tanner Pearson Bryan Rust David Savard Esa Lindell
Goaltenders
Starting : Antti Raanta
Backup : Michael Hutchinson
Extra Forwards
Normal : Victor Rask, Matthew Nieto, Evgeny Svechnikov - PP : Evgeny Svechnikov, Kevin Labanc - PK : Philip Varone
Extra Defensemen
Normal : Greg Pateryn, Petteri Lindbohm, Frank Corrado - PP : Greg Pateryn - PK : Petteri Lindbohm, Frank Corrado
Penalty Shots
Jake DeBrusk, Tanner Pearson, Evgeny Svechnikov, Philip Varone, Matthew Nieto
Scratches
Rasmus Andersson (Healthy), Christian Jaros (Healthy), Trevor Carrick (Healthy), Alexander True (Healthy), Eric Karlsson (Healthy)
Barclay Goodrow (Healthy), John Gilmour (Healthy), Colby Cohen (Healthy), Ryan Donato (Healthy), Vladislav Kamenev (Healthy)
Dominik Masin (Healthy), Brandon Hickey (Healthy), Nathan Lieuwen (Healthy), Vitek Vanecek (Healthy)
Wolfpack
5 vs 5 Forward
Center Left Wing Right Wing Time % Phy DF OF
1 Artem Anisimov Dave Dziurzynski Richard Panik 40 1 2 2
2 Seth Griffith David Pope Stefan Noesen 30 1 2 2
3 Kevin Roy Phillip Danault Sebastian Collberg 20 1 2 2
4 Adam Lowry Samuel Blais Connor Chatam 10 1 2 2
5 vs 5 Defense
Defense Defense Time % Phy DF OF
1 Ryan Culkin Steven Santini 40 1 2 2
2 Colton White Joshua Jacobs 30 1 2 2
3 Will Borgen Jacob Middleton 20 1 2 2
4 Ryan Culkin Steven Santini 10 1 2 2
PowerPlay Forward
Center Left Wing Right Wing Time % Phy DF OF
1 Artem Anisimov Dave Dziurzynski Richard Panik 60 1 2 2
2 Seth Griffith David Pope Stefan Noesen 40 1 2 2
PowerPlay Defense
Defense Defense Time % Phy DF OF
1 Ryan Culkin Steven Santini 60 1 2 2
2 Colton White Joshua Jacobs 40 1 2 2
Penalty Kill 4 Players Forward
Center Wing Time % Phy DF OF
1 Richard Panik Artem Anisimov 60 1 2 2
2 Dave Dziurzynski Stefan Noesen 40 1 2 2
Penalty Kill 4 Players Defense
Defense Defense Time % Phy DF OF
1 Ryan Culkin Steven Santini 60 1 2 2
2 Colton White Joshua Jacobs 40 1 2 2
Penalty Kill - 3 Players Forward
Forward Time % Phy DF OF
1 Richard Panik 60 1 2 2
2 Artem Anisimov 40 1 2 2
Penalty Kill - 3 Players Defense
Defense Defense Time % Phy DF OF
1 Ryan Culkin Steven Santini 60 1 2 2
2 Colton White Joshua Jacobs 40 1 2 2
4 vs 4 Forward
Center Wing Time % Phy DF OF
1 Richard Panik Artem Anisimov 60 1 2 2
2 Dave Dziurzynski Stefan Noesen 40 1 2 2
4 vs 4 Defense
Defense Defense Time % Phy DF OF
1 Ryan Culkin Steven Santini 60 1 2 2
2 Colton White Joshua Jacobs 40 1 2 2
Last Minutes Offensive
Center Left Wing Right Wing Defense Defense
Artem Anisimov Dave Dziurzynski Richard Panik Ryan Culkin Steven Santini
Last Minutes Defensive
Center Left Wing Right Wing Defense Defense
Artem Anisimov Dave Dziurzynski Richard Panik Ryan Culkin Steven Santini
Goaltenders
Starting : Samuel Montembeault
Backup : Jordan Binnington
Extra Forwards
Normal : Dryden Hunt, Jake Marchment, Joel Kiviranta - PP : Dryden Hunt, Jake Marchment - PK : Joel Kiviranta
Extra Defensemen
Normal : Will Borgen, Jacob Middleton, Colton White - PP : Will Borgen - PK : Jacob Middleton, Colton White
Penalty Shots
Richard Panik, Artem Anisimov, Dave Dziurzynski, Stefan Noesen, Seth Griffith
Scratches
Vince Dunn (Right Leg Injury), Brett Ponich (Bruised Right Foot Injury), Derrick Pouliot (Left Ankle Injury), Morgan Ellis (Abdominal Strain Injury)
% Time on Ice - Inferno
Lines # - Real PCT - Wanted PCT - Time Play
Normal Forward
1 - 33% - 40% - 15:17
2 - 28% - 30% - 13:02
3 - 19% - 20% - 8:42
4 - 20% - 10% - 9:13
Normal Defense
1 - 38% - 40% - 17:39
2 - 31% - 30% - 14:16
3 - 25% - 20% - 11:38
4 - 6% - 10% - 2:41
PP Forward
1 - 57% - 60% - 6:40
2 - 43% - 40% - 5:00
PP Defense
1 - 61% - 60% - 7:06
2 - 39% - 40% - 4:34
PK Forward
1 - 79% - 60% - 1:40
2 - 21% - 40% - 0:26
PK Defense
1 - 55% - 60% - 1:09
2 - 45% - 40% - 0:57
PK3 Forward
1 - 0% - 60%
2 - 0% - 40%
PK3 Defense
1 - 0% - 60%
2 - 0% - 40%
44 Forward
1 - 0% - 60%
2 - 0% - 40%
44 Defense
1 - 0% - 60%
2 - 0% - 40%
Last Minute Offensive - 0:00
Last Minute Defensive - 0:00
Total
Forward - 60:00
Defense - 60:00
|
% Time on Ice - Wolfpack
Lines # - Real PCT - Wanted PCT - Time Play
Normal Forward
1 - 34% - 40% - 15:32
2 - 27% - 30% - 12:27
3 - 23% - 20% - 10:41
4 - 16% - 10% - 7:34
Normal Defense
1 - 34% - 40% - 15:44
2 - 34% - 30% - 15:36
3 - 30% - 20% - 13:59
4 - 2% - 10% - 0:55
PP Forward
1 - 65% - 60% - 1:22
2 - 35% - 40% - 0:44
PP Defense
1 - 64% - 60% - 1:21
2 - 36% - 40% - 0:45
PK Forward
1 - 68% - 60% - 7:54
2 - 32% - 40% - 3:46
PK Defense
1 - 63% - 60% - 7:20
2 - 37% - 40% - 4:20
PK3 Forward
1 - 0% - 60%
2 - 0% - 40%
PK3 Defense
1 - 0% - 60%
2 - 0% - 40%
44 Forward
1 - 0% - 60%
2 - 0% - 40%
44 Defense
1 - 0% - 60%
2 - 0% - 40%
Last Minute Offensive - 0:00
Last Minute Defensive - 0:00
Total
Forward - 60:00
Defense - 60:00
|
Play-by-Play
1st period
0:01 of 1st period - Philip Varone wins face-off versus Dave Dziurzynski in neutral zone.
0:04 of 1st period - Ryan Culkin is hit by Tanner Pearson and loses puck.
0:13 of 1st period - Snap shot by Bryan Rust.
0:13 of 1st period - Stopped by Samuel Montembeault with a rebound.
0:39 of 1st period - Icing by Evgeny Svechnikov.
0:40 of 1st period - Victor Rask wins face-off versus Kevin Roy in Inferno zone.
0:47 of 1st period - Snap shot by Victor Rask.
0:47 of 1st period - Shot Misses the Net.
0:49 of 1st period - Slapshot by Greg Pateryn.
0:49 of 1st period - Deflect By Phillip Danault.
0:49 of 1st period - Stopped by Samuel Montembeault with a rebound.
0:51 of 1st period - Wrist shot by Victor Rask.
0:51 of 1st period - Stopped by Samuel Montembeault with a rebound.
0:53 of 1st period - Snap shot by Matthew Nieto.
0:53 of 1st period - Stopped by Samuel Montembeault with a rebound.
0:55 of 1st period - Slapshot by Matthew Nieto.
0:55 of 1st period - Stopped by Samuel Montembeault with a rebound.
0:57 of 1st period - Backhand shot by Greg Pateryn.
0:57 of 1st period - Shot Blocked by Sebastian Collberg.
0:59 of 1st period - Snap shot by Victor Rask.
0:59 of 1st period - Shot Blocked by Joshua Jacobs.
1:01 of 1st period - Snap shot by Matthew Nieto.
1:01 of 1st period - Stopped by Samuel Montembeault with a rebound.
1:03 of 1st period - Wrist shot by Matthew Nieto.
1:03 of 1st period - Shot Blocked by Colton White.
1:05 of 1st period - Snap shot by Greg Pateryn.
1:05 of 1st period - Shot Blocked by Phillip Danault.
1:07 of 1st period - Wrist shot by Matthew Nieto.
1:07 of 1st period - Stopped by Samuel Montembeault without a rebound.
1:08 of 1st period - Ryan Spooner wins face-off versus Adam Lowry in Wolfpack zone.
1:12 of 1st period - Minor Penalty to Jacob Middleton for Interference.
1:13 of 1st period - Philip Varone wins face-off versus Richard Panik in Wolfpack zone.
1:36 of 1st period - Kevin Labanc is hit by Steven Santini and loses puck.
2:03 of 1st period - Slapshot by Esa Lindell.
2:03 of 1st period - Shot Misses the Net.
2:05 of 1st period - Slapshot by Esa Lindell.
2:05 of 1st period - Stopped by Samuel Montembeault with a rebound.
3:12 of 1st period - Penalty to Jacob Middleton is over, Jacob Middleton is back on ice.
3:57 of 1st period - Bryan Rust is hit by Kevin Roy.
4:42 of 1st period - Snap shot by Tyler Shattock.
4:42 of 1st period - Shot Blocked by Joshua Jacobs.
5:06 of 1st period - Snap shot by Ryan Culkin.
5:06 of 1st period - Shot Misses the Net.
5:31 of 1st period - Tyler Shattock is hit by Seth Griffith and loses puck.
6:02 of 1st period - Snap shot by Tyler Shattock.
6:02 of 1st period - Stopped by Samuel Montembeault with a rebound.
6:58 of 1st period - Slapshot by Tyler Shattock.
6:58 of 1st period - Stopped by Samuel Montembeault without a rebound.
6:59 of 1st period - Dave Dziurzynski wins face-off versus Philip Varone in Wolfpack zone.
7:08 of 1st period - Snap shot by Dave Dziurzynski.
7:08 of 1st period - Stopped by Antti Raanta without a rebound.
7:09 of 1st period - Artem Anisimov wins face-off versus Tanner Pearson in Inferno zone.
7:18 of 1st period - Slapshot by Artem Anisimov.
7:18 of 1st period - Shot Misses the Net.
7:26 of 1st period - Snap shot by Artem Anisimov.
7:26 of 1st period - Shot Blocked by Tanner Pearson.
7:28 of 1st period - Wrist shot by Steven Santini.
7:28 of 1st period - Stopped by Antti Raanta without a rebound.
7:29 of 1st period - Seth Griffith wins face-off versus Matthew Nieto in Inferno zone.
7:37 of 1st period - Minor Penalty to David Savard for Hooking.
7:38 of 1st period - Artem Anisimov wins face-off versus Philip Varone in Inferno zone.
7:42 of 1st period - Slapshot by Richard Panik.
7:42 of 1st period - Stopped by Antti Raanta with a rebound.
7:44 of 1st period - Slapshot by Artem Anisimov.
7:44 of 1st period - Goal by Artem Anisimov - Inferno : 0 - Wolfpack : 1.
7:45 of 1st period - Philip Varone wins face-off versus Artem Anisimov in neutral zone.
7:54 of 1st period - Slapshot by Richard Panik.
7:54 of 1st period - Shot Misses the Net.
7:56 of 1st period - Wrist shot by Richard Panik.
7:56 of 1st period - Stopped by Antti Raanta with a rebound.
8:18 of 1st period - Slapshot by Artem Anisimov.
8:18 of 1st period - Stopped by Antti Raanta without a rebound.
8:19 of 1st period - Seth Griffith wins face-off versus Victor Rask in Inferno zone.
8:45 of 1st period - Mathieu Brodeur is hit by Kevin Roy and loses puck.
9:00 of 1st period - Victor Rask is hit by Steven Santini and loses puck.
9:15 of 1st period - Slapshot by Philip Varone.
9:15 of 1st period - Stopped by Samuel Montembeault without a rebound.
9:16 of 1st period - Philip Varone wins face-off versus Artem Anisimov in Wolfpack zone.
9:23 of 1st period - Snap shot by Philip Varone.
9:23 of 1st period - Shot Misses the Net.
9:25 of 1st period - Slapshot by Esa Lindell.
9:25 of 1st period - Deflect By Tanner Pearson.
9:25 of 1st period - Shot Misses the Net.
9:25 of 1st period - Puck is out of play.
9:26 of 1st period - Philip Varone wins face-off versus Artem Anisimov in Wolfpack zone.
9:27 of 1st period - Snap shot by Tanner Pearson.
9:27 of 1st period - Shot Misses the Net.
9:29 of 1st period - Wrist shot by Tanner Pearson.
9:29 of 1st period - Shot Blocked by Artem Anisimov.
9:31 of 1st period - Slapshot by David Savard.
9:31 of 1st period - Stopped by Samuel Montembeault without a rebound.
9:32 of 1st period - Artem Anisimov wins face-off versus Philip Varone in Wolfpack zone.
10:29 of 1st period - Snap shot by Kevin Roy.
10:29 of 1st period - Stopped by Antti Raanta without a rebound.
10:30 of 1st period - Artem Anisimov wins face-off versus Philip Varone in Inferno zone.
10:31 of 1st period - Slapshot by Richard Panik.
10:31 of 1st period - Stopped by Antti Raanta without a rebound.
10:32 of 1st period - Philip Varone wins face-off versus Artem Anisimov in Inferno zone.
10:59 of 1st period - Snap shot by David Pope.
10:59 of 1st period - Shot Misses the Net.
11:01 of 1st period - Slapshot by Steven Santini.
11:01 of 1st period - Stopped by Antti Raanta without a rebound.
11:02 of 1st period - Seth Griffith wins face-off versus Ryan Spooner in Inferno zone.
11:21 of 1st period - Wrist shot by Kevin Labanc.
11:21 of 1st period - Goal by Kevin Labanc - Inferno : 1 - Wolfpack : 1.
11:22 of 1st period - Philip Varone wins face-off versus Artem Anisimov in neutral zone.
11:27 of 1st period - Wrist shot by Philip Varone.
11:27 of 1st period - Stopped by Samuel Montembeault with a rebound.
13:01 of 1st period - Wrist shot by Tyler Shattock.
13:01 of 1st period - Stopped by Samuel Montembeault without a rebound.
13:02 of 1st period - Stefan Noesen wins face-off versus Evgeny Svechnikov in Wolfpack zone.
13:02 of 1st period - Stefan Noesen is hit by Mathieu Brodeur.
13:08 of 1st period - Snap shot by Stefan Noesen.
13:08 of 1st period - Stopped by Antti Raanta without a rebound.
13:09 of 1st period - Evgeny Svechnikov wins face-off versus Seth Griffith in Inferno zone.
14:42 of 1st period - Snap shot by Evgeny Svechnikov.
14:42 of 1st period - Shot Misses the Net.
14:50 of 1st period - Wrist shot by Samuel Blais.
14:50 of 1st period - Stopped by Antti Raanta with a rebound.
14:52 of 1st period - Slapshot by Connor Chatam.
14:52 of 1st period - Stopped by Antti Raanta without a rebound.
14:53 of 1st period - Artem Anisimov wins face-off versus Philip Varone in Inferno zone.
14:56 of 1st period - Wrist shot by Dave Dziurzynski.
14:56 of 1st period - Stopped by Antti Raanta with a rebound.
14:58 of 1st period - Snap shot by Dave Dziurzynski.
14:58 of 1st period - Stopped by Antti Raanta without a rebound.
14:59 of 1st period - Philip Varone wins face-off versus Richard Panik in Inferno zone.
14:59 of 1st period - Philip Varone is hit by Artem Anisimov.
15:09 of 1st period - Wrist shot by Tanner Pearson.
15:09 of 1st period - Shot Misses the Net.
15:23 of 1st period - Slapshot by Philip Varone.
15:23 of 1st period - Stopped by Samuel Montembeault without a rebound.
15:24 of 1st period - Victor Rask wins face-off versus Seth Griffith in Wolfpack zone.
15:50 of 1st period - Sebastian Collberg is hit by Jake DeBrusk and loses puck.
15:59 of 1st period - Colton White is hit by Kevin Labanc and loses puck.
16:49 of 1st period - Minor Penalty to Jacob Middleton for Roughing.
16:50 of 1st period - Richard Panik wins face-off versus Philip Varone in Wolfpack zone.
18:49 of 1st period - Penalty to Jacob Middleton is over, Jacob Middleton is back on ice.
18:57 of 1st period - Connor Chatam is hit by Mathieu Brodeur and loses puck.
19:44 of 1st period - Snap shot by Kevin Roy.
19:44 of 1st period - Stopped by Antti Raanta with a rebound.
19:55 of 1st period - Icing by Peter Cehlarik.
19:56 of 1st period - Chris Brown wins face-off versus Artem Anisimov in Inferno zone.
19:56 of 1st period - Chris Brown is hit by Richard Panik.
Goals for this period are 1 for Inferno vs 1 for Wolfpack.
Shots for this period are 16 for Inferno vs 15 for Wolfpack.
2nd period
0:01 of 2nd period - Philip Varone wins face-off versus Artem Anisimov in neutral zone.
0:08 of 2nd period - Slapshot by Tanner Pearson.
0:08 of 2nd period - Shot Misses the Net.
0:52 of 2nd period - Phillip Danault is hit by Tyler Shattock and loses puck.
0:59 of 2nd period - Tyler Shattock is hit by Joshua Jacobs and loses puck.
2:08 of 2nd period - Wrist shot by Bryan Rust.
2:08 of 2nd period - Stopped by Samuel Montembeault with a rebound.
2:14 of 2nd period - Minor Penalty to Colton White for Cross-checking.
2:15 of 2nd period - Richard Panik wins face-off versus Philip Varone in Wolfpack zone.
2:21 of 2nd period - Icing by Philip Varone.
2:22 of 2nd period - Richard Panik wins face-off versus Kevin Labanc in Inferno zone.
2:55 of 2nd period - Backhand shot by David Savard.
2:55 of 2nd period - Deflect By Victor Rask.
2:55 of 2nd period - Shot Misses the Net.
2:55 of 2nd period - Puck is out of play.
2:56 of 2nd period - Richard Panik wins face-off versus Philip Varone in Wolfpack zone.
3:07 of 2nd period - Wrist shot by Richard Panik.
3:07 of 2nd period - Shot Blocked by Kevin Labanc.
3:29 of 2nd period - Wrist shot by Victor Rask.
3:29 of 2nd period - Stopped by Samuel Montembeault without a rebound.
3:30 of 2nd period - Philip Varone wins face-off versus Dave Dziurzynski in Wolfpack zone.
4:14 of 2nd period - Penalty to Colton White is over, Colton White is back on ice.
4:25 of 2nd period - Snap shot by Sebastian Collberg.
4:25 of 2nd period - Stopped by Antti Raanta with a rebound.
4:49 of 2nd period - Snap shot by Ryan Spooner.
4:49 of 2nd period - Stopped by Samuel Montembeault with a rebound.
5:22 of 2nd period - Dave Dziurzynski is hit by Victor Rask and loses puck.
6:36 of 2nd period - Matthew Nieto is hit by Dave Dziurzynski and loses puck.
7:01 of 2nd period - Slapshot by Artem Anisimov.
7:01 of 2nd period - Goal by Artem Anisimov - Inferno : 1 - Wolfpack : 2.
7:02 of 2nd period - Philip Varone wins face-off versus Artem Anisimov in neutral zone.
7:28 of 2nd period - David Pope is hit by Esa Lindell and loses puck.
7:51 of 2nd period - Slapshot by David Savard.
7:51 of 2nd period - Shot Blocked by Jacob Middleton.
7:53 of 2nd period - Snap shot by Kevin Labanc.
7:53 of 2nd period - Shot Blocked by Jacob Middleton.
8:33 of 2nd period - Snap shot by Kevin Roy.
8:33 of 2nd period - Stopped by Antti Raanta without a rebound.
8:34 of 2nd period - Philip Varone wins face-off versus Artem Anisimov in Inferno zone.
9:16 of 2nd period - Backhand shot by Matthew Nieto.
9:16 of 2nd period - Shot Blocked by Colton White.
9:26 of 2nd period - Evgeny Svechnikov is hit by Colton White and loses puck.
9:39 of 2nd period - Snap shot by Evgeny Svechnikov.
9:39 of 2nd period - Stopped by Samuel Montembeault with a rebound.
9:41 of 2nd period - Slapshot by Greg Pateryn.
9:41 of 2nd period - Deflect By Richard Panik.
9:41 of 2nd period - Stopped by Samuel Montembeault with a rebound.
9:43 of 2nd period - Snap shot by Kevin Labanc.
9:43 of 2nd period - Stopped by Samuel Montembeault with a rebound.
9:47 of 2nd period - Snap shot by Jake DeBrusk.
9:47 of 2nd period - Shot Blocked by Colton White.
9:49 of 2nd period - Slapshot by Mathieu Brodeur.
9:49 of 2nd period - Deflect By Jake DeBrusk.
9:49 of 2nd period - Stopped by Samuel Montembeault with a rebound.
9:55 of 2nd period - Minor Penalty to Joshua Jacobs for Holding.
9:56 of 2nd period - Philip Varone wins face-off versus Richard Panik in Wolfpack zone.
10:46 of 2nd period - Icing by Kevin Labanc.
10:47 of 2nd period - Philip Varone wins face-off versus Richard Panik in Inferno zone.
11:10 of 2nd period - Slapshot by Evgeny Svechnikov.
11:10 of 2nd period - Stopped by Samuel Montembeault without a rebound.
11:11 of 2nd period - Victor Rask wins face-off versus Dave Dziurzynski in Wolfpack zone.
11:12 of 2nd period - Wrist shot by Matthew Nieto.
11:12 of 2nd period - Stopped by Samuel Montembeault without a rebound.
11:13 of 2nd period - Victor Rask wins face-off versus Dave Dziurzynski in Wolfpack zone.
11:14 of 2nd period - Wrist shot by Matthew Nieto.
11:14 of 2nd period - Deflect By Evgeny Svechnikov.
11:14 of 2nd period - Shot Misses the Net.
11:14 of 2nd period - Puck is out of play.
11:15 of 2nd period - Dave Dziurzynski wins face-off versus Victor Rask in Wolfpack zone.
11:28 of 2nd period - Slapshot by Esa Lindell.
11:28 of 2nd period - Deflect By Victor Rask.
11:28 of 2nd period - Shot Blocked by Artem Anisimov.
11:28 of 2nd period - Puck is out of play.
11:29 of 2nd period - Philip Varone wins face-off versus Richard Panik in Wolfpack zone.
11:38 of 2nd period - Slapshot by Esa Lindell.
11:38 of 2nd period - Stopped by Samuel Montembeault with a rebound.
11:40 of 2nd period - Snap shot by Kevin Labanc.
11:40 of 2nd period - Goal by Kevin Labanc - Inferno : 2 - Wolfpack : 2.
11:41 of 2nd period - Artem Anisimov wins face-off versus Philip Varone in neutral zone.
12:06 of 2nd period - Victor Rask is hit by Stefan Noesen and loses puck.
12:39 of 2nd period - Slapshot by Sebastian Collberg.
12:39 of 2nd period - Shot Misses the Net.
12:49 of 2nd period - Dave Dziurzynski is hit by Greg Pateryn and loses puck.
13:12 of 2nd period - David Savard is hit by Joshua Jacobs and loses puck.
13:37 of 2nd period - Wrist shot by Stefan Noesen.
13:37 of 2nd period - Stopped by Antti Raanta without a rebound.
13:38 of 2nd period - Victor Rask wins face-off versus Seth Griffith in Inferno zone.
14:37 of 2nd period - Snap shot by Seth Griffith.
14:37 of 2nd period - Stopped by Antti Raanta with a rebound.
15:43 of 2nd period - Snap shot by Victor Rask.
15:43 of 2nd period - Deflect By Steven Santini.
15:43 of 2nd period - Goal by Victor Rask - Inferno : 3 - Wolfpack : 2.
15:44 of 2nd period - Philip Varone wins face-off versus Artem Anisimov in neutral zone.
15:49 of 2nd period - Snap shot by Tanner Pearson.
15:49 of 2nd period - Shot Blocked by Richard Panik.
15:51 of 2nd period - Slapshot by Esa Lindell.
15:51 of 2nd period - Shot Misses the Net.
16:17 of 2nd period - Snap shot by Phillip Danault.
16:17 of 2nd period - Shot Blocked by David Savard.
16:19 of 2nd period - Wrist shot by Sebastian Collberg.
16:19 of 2nd period - Stopped by Antti Raanta with a rebound.
16:21 of 2nd period - Snap shot by Joshua Jacobs.
16:21 of 2nd period - Shot Misses the Net.
16:23 of 2nd period - Slapshot by Colton White.
16:23 of 2nd period - Shot Misses the Net.
16:39 of 2nd period - Snap shot by Kevin Labanc.
16:39 of 2nd period - Deflect By Jake DeBrusk.
16:39 of 2nd period - Stopped by Samuel Montembeault without a rebound.
16:40 of 2nd period - Philip Varone wins face-off versus Artem Anisimov in Wolfpack zone.
16:47 of 2nd period - Wrist shot by Tanner Pearson.
16:47 of 2nd period - Stopped by Samuel Montembeault with a rebound.
16:49 of 2nd period - Slapshot by Tanner Pearson.
16:49 of 2nd period - Stopped by Samuel Montembeault without a rebound.
16:50 of 2nd period - Artem Anisimov wins face-off versus Philip Varone in Wolfpack zone.
16:50 of 2nd period - Artem Anisimov is hit by Mathieu Brodeur.
17:10 of 2nd period - Wrist shot by Bryan Rust.
17:10 of 2nd period - Shot Misses the Net.
17:12 of 2nd period - Backhand shot by Mathieu Brodeur.
17:12 of 2nd period - Shot Misses the Net.
17:14 of 2nd period - Snap shot by Philip Varone.
17:14 of 2nd period - Shot Misses the Net.
17:16 of 2nd period - Slapshot by Greg Pateryn.
17:16 of 2nd period - Stopped by Samuel Montembeault with a rebound.
17:18 of 2nd period - Slapshot by Mathieu Brodeur.
17:18 of 2nd period - Shot Misses the Net.
17:20 of 2nd period - Slapshot by Philip Varone.
17:20 of 2nd period - Shot Misses the Net.
17:22 of 2nd period - Slapshot by Mathieu Brodeur.
17:22 of 2nd period - Stopped by Samuel Montembeault with a rebound.
17:24 of 2nd period - Slapshot by Tanner Pearson.
17:24 of 2nd period - Shot Blocked by Dave Dziurzynski.
17:32 of 2nd period - Snap shot by Tanner Pearson.
17:32 of 2nd period - Shot Blocked by Will Borgen.
17:36 of 2nd period - Wrist shot by Tanner Pearson.
17:36 of 2nd period - Shot Blocked by Dave Dziurzynski.
17:38 of 2nd period - Slapshot by Tanner Pearson.
17:38 of 2nd period - Stopped by Samuel Montembeault with a rebound.
17:40 of 2nd period - Snap shot by Bryan Rust.
17:40 of 2nd period - Shot Misses the Net.
17:42 of 2nd period - Slapshot by Tanner Pearson.
17:42 of 2nd period - Stopped by Samuel Montembeault without a rebound.
17:43 of 2nd period - Kevin Roy wins face-off versus Ryan Spooner in Wolfpack zone.
17:48 of 2nd period - Wrist shot by Ryan Culkin.
17:48 of 2nd period - Deflect By Sebastian Collberg.
17:48 of 2nd period - Stopped by Antti Raanta with a rebound.
17:54 of 2nd period - Jake DeBrusk is hit by Steven Santini and loses puck.
18:29 of 2nd period - Minor Penalty to Samuel Blais for Hooking.
18:30 of 2nd period - Richard Panik wins face-off versus Philip Varone in Wolfpack zone.
18:52 of 2nd period - Kevin Labanc is hit by Artem Anisimov and loses puck.
19:19 of 2nd period - Slapshot by Matthew Nieto.
19:19 of 2nd period - Stopped by Samuel Montembeault with a rebound.
Goals for this period are 2 for Inferno vs 1 for Wolfpack.
Shots for this period are 20 for Inferno vs 7 for Wolfpack.
3rd period
0:01 of 3rd period - Richard Panik wins face-off versus Philip Varone in neutral zone.
0:12 of 3rd period - Snap shot by Artem Anisimov.
0:12 of 3rd period - Stopped by Antti Raanta with a rebound.
0:14 of 3rd period - Slapshot by Ryan Culkin.
0:14 of 3rd period - Stopped by Antti Raanta without a rebound.
0:15 of 3rd period - Philip Varone wins face-off versus Richard Panik in Inferno zone.
0:29 of 3rd period - Penalty to Samuel Blais is over, Samuel Blais is back on ice.
0:49 of 3rd period - Backhand shot by Peter Cehlarik.
0:49 of 3rd period - Shot Misses the Net.
0:52 of 3rd period - Icing by Stefan Noesen.
0:53 of 3rd period - Philip Varone wins face-off versus Seth Griffith in Wolfpack zone.
2:03 of 3rd period - Off-side.
2:04 of 3rd period - Chris Brown wins face-off versus Richard Panik in neutral zone.
2:12 of 3rd period - Snap shot by Chris Brown.
2:12 of 3rd period - Stopped by Samuel Montembeault without a rebound.
2:13 of 3rd period - Richard Panik wins face-off versus Philip Varone in Wolfpack zone.
2:39 of 3rd period - Evgeny Svechnikov is hit by Ryan Culkin and loses puck.
2:46 of 3rd period - Snap shot by David Pope.
2:46 of 3rd period - Shot Misses the Net.
2:48 of 3rd period - Snap shot by Steven Santini.
2:48 of 3rd period - Shot Misses the Net.
3:08 of 3rd period - Jacob Middleton is hit by Kevin Labanc and loses puck.
4:39 of 3rd period - Wrist shot by Tanner Pearson.
4:39 of 3rd period - Goal by Tanner Pearson - Inferno : 4 - Wolfpack : 2.
4:40 of 3rd period - Seth Griffith wins face-off versus Philip Varone in neutral zone.
4:45 of 3rd period - Snap shot by Stefan Noesen.
4:45 of 3rd period - Stopped by Antti Raanta without a rebound.
4:46 of 3rd period - Philip Varone wins face-off versus Seth Griffith in Inferno zone.
4:56 of 3rd period - Minor Penalty to Stefan Noesen for Holding.
4:57 of 3rd period - Richard Panik wins face-off versus Philip Varone in Wolfpack zone.
5:24 of 3rd period - Slapshot by Victor Rask.
5:24 of 3rd period - Stopped by Samuel Montembeault without a rebound.
5:25 of 3rd period - Evgeny Svechnikov wins face-off versus Richard Panik in Wolfpack zone.
6:56 of 3rd period - Penalty to Stefan Noesen is over, Stefan Noesen is back on ice.
7:05 of 3rd period - Icing by Mathieu Brodeur.
7:06 of 3rd period - Chris Brown wins face-off versus Seth Griffith in Inferno zone.
7:06 of 3rd period - Chris Brown is hit by Stefan Noesen.
7:18 of 3rd period - Snap shot by Stefan Noesen.
7:18 of 3rd period - Shot Misses the Net.
7:54 of 3rd period - Philip Varone is hit by Colton White and loses puck.
8:03 of 3rd period - Slapshot by Sebastian Collberg.
8:03 of 3rd period - Shot Misses the Net.
8:13 of 3rd period - Snap shot by Dave Dziurzynski.
8:13 of 3rd period - Shot Misses the Net.
8:19 of 3rd period - Evgeny Svechnikov is hit by Artem Anisimov and loses puck.
9:43 of 3rd period - Icing by Esa Lindell.
9:44 of 3rd period - Richard Panik wins face-off versus Ryan Spooner in Inferno zone.
9:45 of 3rd period - Wrist shot by Dave Dziurzynski.
9:45 of 3rd period - Shot Misses the Net.
10:09 of 3rd period - Ryan Culkin is hit by Esa Lindell and loses puck.
11:59 of 3rd period - Slapshot by Stefan Noesen.
11:59 of 3rd period - Stopped by Antti Raanta with a rebound.
12:01 of 3rd period - Snap shot by Ryan Culkin.
12:01 of 3rd period - Shot Misses the Net.
12:03 of 3rd period - Slapshot by Ryan Culkin.
12:03 of 3rd period - Stopped by Antti Raanta with a rebound.
12:05 of 3rd period - Snap shot by Steven Santini.
12:05 of 3rd period - Deflect By Matthew Nieto.
12:05 of 3rd period - Stopped by Antti Raanta without a rebound.
12:06 of 3rd period - Artem Anisimov wins face-off versus Bryan Rust in Inferno zone.
12:07 of 3rd period - Wrist shot by Richard Panik.
12:07 of 3rd period - Stopped by Antti Raanta without a rebound.
12:08 of 3rd period - Artem Anisimov wins face-off versus Philip Varone in Inferno zone.
12:09 of 3rd period - Slapshot by Richard Panik.
12:09 of 3rd period - Stopped by Antti Raanta with a rebound.
12:47 of 3rd period - Colton White is hit by Victor Rask and loses puck.
13:02 of 3rd period - Snap shot by Phillip Danault.
13:02 of 3rd period - Shot Misses the Net.
13:04 of 3rd period - Slapshot by Joshua Jacobs.
13:04 of 3rd period - Deflect By Phillip Danault.
13:04 of 3rd period - Shot Misses the Net.
13:04 of 3rd period - Puck is out of play.
13:05 of 3rd period - Artem Anisimov wins face-off versus Tyler Shattock in Inferno zone.
13:30 of 3rd period - Stefan Noesen is hit by Philip Varone and loses puck.
14:42 of 3rd period - Snap shot by Bryan Rust.
14:42 of 3rd period - Shot Misses the Net.
14:54 of 3rd period - Minor Penalty to Greg Pateryn for Hooking.
14:55 of 3rd period - Richard Panik wins face-off versus Bryan Rust in Inferno zone.
15:10 of 3rd period - Wrist shot by Artem Anisimov.
15:10 of 3rd period - Stopped by Antti Raanta with a rebound.
16:54 of 3rd period - Penalty to Greg Pateryn is over, Greg Pateryn is back on ice.
17:07 of 3rd period - Kevin Roy is hit by Victor Rask.
17:11 of 3rd period - Wrist shot by Sebastian Collberg.
17:11 of 3rd period - Shot Misses the Net.
17:17 of 3rd period - Wrist shot by Phillip Danault.
17:17 of 3rd period - Stopped by Antti Raanta with a rebound.
17:24 of 3rd period - Icing by Greg Pateryn.
17:25 of 3rd period - Victor Rask wins face-off versus Samuel Blais in Inferno zone.
18:20 of 3rd period - Slapshot by David Savard.
18:20 of 3rd period - Stopped by Samuel Montembeault without a rebound.
18:21 of 3rd period - Artem Anisimov wins face-off versus Ryan Spooner in Wolfpack zone.
18:36 of 3rd period - Snap shot by Richard Panik.
18:36 of 3rd period - Shot Blocked by Ryan Spooner.
18:46 of 3rd period - Tanner Pearson is hit by Sebastian Collberg and loses puck.
19:16 of 3rd period - Icing by Dave Dziurzynski.
19:17 of 3rd period - Philip Varone wins face-off versus Dave Dziurzynski in Wolfpack zone.
19:24 of 3rd period - Ryan Spooner is hit by Richard Panik and loses puck.
19:49 of 3rd period - Wrist shot by Dryden Hunt.
19:49 of 3rd period - Stopped by Antti Raanta with a rebound.
19:51 of 3rd period - Wrist shot by Joshua Jacobs.
19:51 of 3rd period - Shot Blocked by Esa Lindell.
19:53 of 3rd period - Slapshot by Joshua Jacobs.
19:53 of 3rd period - Shot Misses the Net.
Goals for this period are 1 for Inferno vs 0 for Wolfpack.
Shots for this period are 4 for Inferno vs 11 for Wolfpack.